 Dungeon Crawl Stone Soup version 0.28.0-47-ge53b351184 (webtiles) character file.

Game seed: 13117125783801484972

21 101zpm the Chiller (level 2, -2/19 HPs)
             Began as a Vampire Ice Elementalist on Apr 29, 2022.
             Slain by a centaur zombie (4 damage)
             ... on level 4 of the Dungeon.
             The game lasted 00:03:18 (902 turns).

101zpm the Chiller (Vampire Ice Elementalist)        Turns: 902, Time: 00:03:18

Health: -2/19      AC:  2    Str:  7    XL:     2   Next: 62%
Magic:  4/5        EV: 12    Int: 17    God:
Gold:   53         SH:  0    Dex: 14    Spells: 4/5 levels left

rFire   . . .      SeeInvis +   d - +2 short sword (venom)
rCold   . . .      Faith    .   (no shield)
rNeg    . . .      Spirit   .   a - +0 robe
rPois   .          Reflect  .   (no helmet)
rElec   .          Harm     .   (no cloak)
rCorr   .          Rampage  .   (no gloves)
Will    .....                   (no boots)
Stlth   ++........              (no amulet)
HPRegen 0.26/turn               (no ring)
MPRegen 0.09/turn               (no ring)

@: healing quickly
A: alive, fangs 3, see invisible, vampiric 1
a: Exsanguinate


You were on level 4 of the Dungeon.
You visited 1 branch of the dungeon, and saw 4 of its levels.

You collected 53 gold pieces.

Inventory:

Hand Weapons
 b - the +4 whip of Nidame {flame, rF++ Will- Str-5 Int+4}
   (You found it on level 2 of the Dungeon)

   It burns those it strikes, dealing additional fire damage.
   Str:       It affects your strength (-5).
   Int:       It affects your intelligence (+4).
   rF:        It greatly protects you from fire.
   Will:      It decreases your willpower.
 d - a +2 short sword of venom (weapon)
Armour
 a - a +0 robe (worn)
Scrolls
 e - a scroll of magic mapping {unknown}
Potions
 c - a potion of lignification {unknown}


   Skills:
 + Level 2.2 Dodging
 + Level 3.0 Stealth
 + Level 2.3 Spellcasting
 + Level 4.5 Ice Magic


You had 4 spell levels left.
You knew the following spells:

 Your Spells              Type           Power      Damage    Failure   Level
a - Freeze                Ice            68%        1d8       3%          1

Your spell library contained the following spells:

 Spells                   Type           Power      Damage    Failure   Level
 Frozen Ramparts          Ice            34%        1d5       9%          3
 Ozocubu's Armour         Ice            17%        N/A       9%          3
 Gell's Gravitas          Tloc           2%         N/A       50%         3
 Lesser Beckoning         Tloc           2%         N/A       50%         3
 Teleport Other           Tloc           2%         N/A       50%         3
 Hailstorm                Conj/Ice       9%         3d4       58%         4
 Animate Armour           Summ/Erth      4%         N/A       88%         4
 Summon Lightning Spire   Summ/Air       2%         N/A       88%         4
 Blade Hands              Tmut           1%         N/A       99%         5
 Iron Shot                Conj/Erth      1%         9d1       100%        6
 Storm Form               Tmut/Air       1%         N/A       100%        7
 Maxwell's Capacitive Co  Air            1%         ∞         100%        8


Dungeon Overview and Level Annotations

Branches:
Dungeon (4/15)
 Temple: D:4-7

Altars:


Innate Abilities, Weirdness & Mutations

Your natural rate of healing is accelerated.
You have razor-sharp teeth.
You have supernaturally acute eyesight. (SInv)
You are afflicted with vampirism.


Message History

The centaur zombie is severely damaged.
The centaur zombie closely misses you. The centaur zombie kicks you.
The centaur zombie barely misses you. The centaur zombie misses you.
You hit the centaur zombie.
You bite the centaur zombie, but do no damage.
The centaur zombie is severely damaged.
The centaur zombie hits you.
The centaur zombie kicks you but does no damage.
You are too injured to fight recklessly!
You are too injured to fight recklessly!
You are too injured to fight recklessly!
You are too injured to fight recklessly!
You are too injured to fight recklessly!
Aiming: Freeze (safe; 3% risk of failure)
Press: ? - help, Q - select action Shift-Dir - straight line, f - centaur zombie
Aim: a centaur zombie (severely damaged)
You freeze the centaur zombie.
The centaur zombie resists.
The centaur zombie is severely damaged.
The centaur zombie hits you.
* * * LOW HITPOINT WARNING * * *
The centaur zombie kicks you but does no damage.
You hit the centaur zombie.
The centaur zombie is severely damaged.
The centaur zombie closely misses you.
The centaur zombie kicks you but does no damage.
The centaur zombie hits you.
* * * LOW HITPOINT WARNING * * *
The centaur zombie misses you. The centaur zombie hits you.
* * * LOW HITPOINT WARNING * * *
The centaur zombie kicks you but does no damage.
You completely miss the centaur zombie.
The centaur zombie is severely damaged.
The centaur zombie closely misses you. The centaur zombie kicks you.
* * * LOW HITPOINT WARNING * * *
The centaur zombie closely misses you. The centaur zombie barely misses you.
You hit the centaur zombie.
The centaur zombie is almost destroyed.
The centaur zombie hits you.
You die...

###### # . ....## .#
##.#####...###.##
#...............#
#.#.####........# #.#.#
##.......# #.#.#
#......... #.#.#
#.......##
...####@#.#####.......#
##....Z..............#
.................#.####
..#..####.########.#
...#. #..........# ## #
###########


You could see a centaur zombie.

Vanquished Creatures
  A worm (D:3)
  An orc (D:3)
  2 bats
  An endoplasm (D:3)
  A giant cockroach (D:3)
  2 goblins (D:2)
  2 kobolds (D:2)
  A quokka (D:3)
  3 frilled lizards
  2 rats
16 creatures vanquished.

Notes
Turn   | Place    | Note
-------+----------+-------------------------------------------
     0 | D:1      | 101zpm the Vampire Ice Elementalist began the quest for the
                  | Orb.
     0 | D:1      | Reached XP level 1. HP: 13/13 MP: 3/3
   127 | D:3      | Noticed a gnoll sergeant
   201 | D:2      | Identified the +4 whip of Nidame {flame, rF++ Will- Str-5
                  | Int+4}
   338 | D:2      | Reached XP level 2. HP: 19/19 MP: 3/5
   902 | D:4      | Slain by a centaur zombie

Illustrated notes

Levels and vault maps discovered:
D:1:      co_arrival_square_in_a_square_in_a_square, layout_loops_ring,
          hellmonk_ecumenical_altar_dog_temple
D:2:      layout_basic
D:3:      layout_basic
D:4:      layout_loops_ring, st_stairs_12, uniq_edmund, uniq_grinder,
          uniq_pikel, uniq_menkaure

Action                   || total
-------------------------++-------
Melee: Short sword       ||    17
       Bite              ||     4
 Cast: Freeze            ||    28
Armor: Robe              ||    15
Dodge: Dodged            ||    35
